 Dungeon Crawl Stone Soup version 0.31-a0-182-gc5ef74bbde (webtiles) character file.

Game seed: 17363368861455903273

45 qw the Chopper (level 3, -2/23 HPs)
             Began as a Gargoyle Fighter on June 21, 2023.
             Slain by Natasha (8 damage)
             ... on level 1 of the Dungeon.
             The game lasted 00:00:24 (768 turns).

qw the Chopper (Gargoyle Fighter)                    Turns: 768, Time: 00:00:25

Health: -2/23      AC: 10    Str: 21    XL:     3   Next: 64%
Magic:  3/3        EV:  9    Int:  8    God:
Gold:   96         SH:  4    Dex:  9    Spells: 2/2 levels left

rFire   . . .        Y - +0 war axe
rCold   . . .        c - +0 buckler
rNeg    + . .        b - +0 scale mail
rPois   inf          (no helmet)
rElec   +            (no cloak)
rCorr   +            (no gloves)
SInv    .            (no boots)
Will    .....        (no amulet) Stlth
                     h - ring of resist corrosion
HPRegen 0.23/turn    (no ring)
MPRegen 0.08/turn

%: no passive effects
@: no status effects
A: sickness immunity, AC +3, negative energy resistance 1, electricity
resistance, torment resistance 1, petrification resistance
a: no special abilities


You were on level 1 of the Dungeon.
You visited 1 branch of the dungeon, and saw 2 of its levels.

You collected 96 gold pieces.


Innate Abilities, Weirdness & Mutations

You are immune to sickness and miasma.
Your stone body is resilient. (AC +3)
You are immune to poison.
You resist negative energy. (rN+)
You are resistant to electric shocks. (rElec)
You are resistant to unholy torment.
You are immune to petrification.


   Skills:
 - Level 3.2 Fighting
 + Level 3.5 Axes
 - Level 3.2 Armour
 - Level 3.2 Shields


You had 2 spell levels left.
You didn't know any spells.
Your spell library was empty.

Inventory:

Hand Weapons
 n - a +0 whip
 Y - a +0 war axe (weapon)
Armour
 b - a +0 scale mail (worn)
 c - a +0 buckler (worn)
Jewellery
 h - a ring of resist corrosion (left hand)
Potions
 d - a potion of might
 i - a potion of cancellation {unknown}
 l - a potion of enlightenment {unknown}
 o - a potion of resistance {unknown}
 p - a potion of curing {unknown}

Dungeon Overview and Level Annotations

Branches:
Dungeon (2/15)

Altars:

Shops:
D:1 [

Annotations:
D:1 Natasha


Message History

Enter note:
Enter note:
Enter note:
Enter note: You start resting.
HP restored.
Done exploring.
(D) Dungeon
Where to? (* - list waypoints, Enter - D:2, ? - help)
What level of the Dungeon? (default 1, ? - help)
You climb downwards.
Level annotation: Natasha
There is a stone staircase leading up here.
Natasha is nearby!
You barely miss Natasha. Natasha claws you.
Natasha stares at you and mumbles some strange words.
The magic dart hits you but does no damage.
762 ||| STAIRDANCE Natasha claws you.
You climb upwards.
There is a stone staircase leading down here.
You barely miss Natasha.
Natasha stares at you and mumbles some strange words.
The magic dart hits you.
You closely miss Natasha. You block Natasha's attack.
You barely miss Natasha. Natasha claws you!
Natasha mumbles some strange words.
You hit Natasha.
Natasha is lightly wounded.
You closely miss the cerulean imp.
Natasha mumbles some strange words.
The cerulean imp hits you but does no damage.
You hit Natasha.
Natasha is heavily wounded.
You closely miss the cerulean imp. You barely miss the cerulean imp.
Natasha claws you!
You die...

##.####........#.##........#
#....#....................#
##.##.#....................#
....#.#......#...##........#
#####.#....................#
#.#......##..##........#
#.#......##..........\.#
#####......#.##55..........#
......######....@h.....#####
#####.# #.###########
......### #.# ..%...#.# #.#
......#.# #.# ##)##.#.####.#
#.........#.#######
#.........###.....#
###........# #.....#


You could see Natasha and 2 cerulean imps.

Vanquished Creatures
  Natasha (D:2)
  A bat (D:1)
  An endoplasm (D:1)
  6 goblins
  2 hobgoblins
  A quokka (D:1)
  A ball python (D:1)
  A frilled lizard (D:1)
  2 kobolds (D:1)
  3 rats (D:1)
19 creatures vanquished.

Notes
Turn   | Place    | Note
-------+----------+-------------------------------------------
     0 | D:1      | qw the Gargoyle Fighter began the quest for the Orb.
     0 | D:1      | Reached XP level 1. HP: 14/14 MP: 1/1
     0 | D:1      | 0 ||| qw: Version: 0.3-a-9-g12657ce
     0 | D:1      | 0 ||| qw: Game counter: 1527
     0 | D:1      | 0 ||| qw: Always use a shield: true
     0 | D:1      | 0 ||| qw: God list: Okawaru
     0 | D:1      | 0 ||| qw: Allow faded altars: false
     0 | D:1      | 0 ||| qw: Do Orc after D:15 true
     0 | D:1      | 0 ||| qw: Do second Lair branch before Depths: true
     0 | D:1      | 0 ||| qw: Lair rune preference: random
     0 | D:1      | 0 ||| qw: Plans: Normal, Zot:1-4, Slime:5, God:TSO, Crypt,
                  | Tomb, Abyss, Pan, Hells, Win
     0 | D:1      | 0 ||| PLANNING D:1-11
   210 | D:1      | Found Tyzodd's Antique Armour Shop.
   219 | D:1      | 219 ||| SHOPLISTING +2 ratskin cloak {*Rats rPois rN+ Str-1
                  | Int-1 Dex+1} (667 gold, have 45).
   219 | D:1      | 219 ||| SHOPLISTING runed ring mail (168 gold, have 45).
   357 | D:1      | Reached XP level 2. HP: 19/19 MP: 2/2
   393 | D:1      | 393 ||| DROPPING +0 club.
   662 | D:1      | Found a faded altar of an unknown god.
   665 | D:1      | 665 ||| UPGRADING to ring of resist corrosion.
   666 | D:1      | 666 ||| DROPPING ring of flight.
   667 | D:1      | 667 ||| READING scroll labelled RYWNUF JUUPP.
   668 | D:1      | 668 ||| READING scroll labelled COTUFE SUVODU.
   669 | D:1      | 669 ||| READING scroll labelled YDWUNYPOZI.
   670 | D:1      | 670 ||| READING 2 scrolls labelled MIASKO DYSTI.
   671 | D:1      | 671 ||| DROPPING scroll of poison.
   729 | D:2      | Noticed Natasha
   736 | D:2      | Killed Natasha
   737 | D:2      | Reached skill level 3 in Axes
   737 | D:2      | Reached XP level 3. HP: 17/23 MP: 3/3
   740 | D:2      | Noticed Natasha
   741 | D:2      | 741 ||| FLEEEEING.
   742 | D:2      | 742 ||| FLEEEEING.
   743 | D:2      | 743 ||| FLEEEEING.
   744 | D:2      | 744 ||| FLEEEEING.
   745 | D:2      | 745 ||| FLEEEEING.
   746 | D:2      | 746 ||| FLEEEEING.
   747 | D:2      | 747 ||| FLEEEEING.
   748 | D:2      | 748 ||| STAIRDANCE
   762 | D:2      | 762 ||| STAIRDANCE
   766 | D:1      | HP: 5/23 [Natasha (7)]
   768 | D:1      | Slain by Natasha

Levels and vault maps discovered:
D:1:      lemuel_arrival_behind_the_door_small, layout_basic,
          dilly_ecumenical_altar_fadedgnrine, serial_shops, shop
D:2:      layout_rooms, basic_altar, uniq_terence, uniq_natasha, uniq_robin

Skill      XL: |  1  2 |
---------------+-------+-----
Axes           | 2 3 |  3.5
Fighting       | |  3.2
Armour         | |  3.2
Shields        | |  3.2

Action                     || total
---------------------------++-------
  Melee: War axe           ||    56
  Throw: Javelin           ||    10
    Use: Scroll            ||     4
 Armour: Scale mail        ||    21
  Dodge: Dodged            ||    25
  Block: Buckler           ||    11

Table legend:
 A = Non-vault XP
 B = Vault XP
 C = Vault XP percentage of total XP
 D = Non-vault monster count
 E = Vault monster count
 F = Vault count percentage of total count
                 A         B        C        D         E       F
            +---------+---------+-------+---------+---------+-------
      Total |      21 |      44 |  67.7 |      14 |       5 |  26.3
            +---------+---------+-------+---------+---------+-------
        D:1 |      19 |       0 |   0.0 |      13 |       0 |   0.0
        D:2 |       2 |      44 |  95.7 |       1 |       5 |  83.3
            +---------+---------+-------+---------+---------+-------
